Construct Infanterie Kompanie
Selects Luftwaffe Battlegroup
Selects Luftwaffe Battlegroup
Selects Luftwaffe Pioneer Support
Fallschirmpioneer Squad Paradrop
Construct Luftwaffe Kompanie
Fallschirmpioneer Squad Paradrop
Selects Stuka Strafing Run
Construct Panzergrenadier Kompanie
Nebelwerfer 42 Rocket Launcher Team
Marder III M Tank Destroyer
Selects LG40 Recoilless Gun Paradrop
Construct Panzer Kompanie
Marder III M Tank Destroyer
Selects Infantry Reserves
Marder III M Tank Destroyer
Nebelwerfer 42 Rocket Launcher Team